 Dungeon Crawl Stone Soup version 0.31-a0-1205-g5e5e916f41 (webtiles) character file.

Game seed: 8271164604915631045

1188 n0bwainer the Carver (level 8, 0/71 HPs)
             Began as a Minotaur Berserker on Dec 13, 2023.
             Was an Elder of Trog.
             Slain by a gnoll sergeant
             ... wielding a +4 spear of venom
              (6 damage)
             ... on level 5 of the Dungeon.
             The game lasted 00:42:08 (5268 turns).

n0bwainer the Carver (Minotaur Berserker)           Turns: 5268, Time: 00:42:08

Health: 0/71       AC: 10    Str: 24    XL:     8   Next: 19%
Magic:  0/7        EV: 15    Int:  4    God:    Trog [****..]
Gold:   174        SH:  0    Dex: 16    Spells: 7/7 levels left

rFire   . . .        a - +0 falchion
rCold   . . .        (no shield)
rNeg    . . .        R - +0 chain mail
rPois   .            (helmet restricted)
rElec   .            (no cloak)
rCorr   .            (no gloves)
SInv    .            (no boots)
Will    .....        d - amulet of guardian spirit Stlth
                     f - +6 ring of dexterity
HPRegen 0.31/turn    z - +5 ring of evasion
MPRegen 0.10/turn

%: guardian spirit
@: lethally poisoned (0 -> -5)
A: horns 2, retaliatory headbutt
a: Renounce Religion, Berserk, Trog's Hand, Brothers in Arms


You were on level 5 of the Dungeon.
You worshipped Trog.
Trog was greatly pleased with you.
You visited 1 branch of the dungeon, and saw 6 of its levels.

You collected 174 gold pieces.

Inventory:

Hand Weapons
 a - a +0 falchion (weapon)
 h - a +0 whip
 i - a +0 club
 j - a +0 club
 p - a +0 short sword
 s - a +0 war axe
 t - a +0 short sword
 x - a +0 club
 y - a +0 whip
 B - a +0 club
 E - a +0 club
 G - a +1 dagger of protection
 L - a +0 mace
 M - a +0 whip
 P - a +0 flail
 Q - a +0 whip
 S - a +2 dagger of protection
 T - a +0 short sword
 U - a +0 sling
 Y - a +0 mace
Missiles
 u - 21 stones
 w - 2 throwing nets
 V - 3 poisoned darts
 Z - 2 boomerangs
Armour
 b - a +0 animal skin
 g - a +0 leather armour
 q - a +0 ring mail
 C - a +2 hat
 D - a +0 robe
 H - a +0 robe
 J - a +0 leather armour
 K - a +0 leather armour
 N - a +0 leather armour
 R - a +0 chain mail (worn)
 X - a +0 ring mail
Magical Staves
 A - a staff of air
Jewellery
 d - an amulet of guardian spirit (around neck)
 f - a +6 ring of dexterity (left hand)
 k - a ring of flight
 o - a ring of positive energy
 z - a +5 ring of evasion (right hand)
 O - a ring of fire
Scrolls
 c - a scroll of noise
 e - a scroll of identify
 l - a scroll of silence
 v - 2 scrolls of poison
 W - 2 scrolls of amnesia
Potions
 m - a potion of heal wounds {unknown}
 r - 2 potions of curing
 F - a potion of enlightenment {unknown}


   Skills:
 + Level 6.3 Fighting
 + Level 8.4 Long Blades
 + Level 1.3 Throwing
 + Level 6.2 Armour
 + Level 3.7 Dodging
 + Level 1.0 Stealth


You had 7 spell levels left.
You didn't know any spells.
Your spell library contained the following spells:

 Spells                   Type           Power      Damage    Failure   Level
 Cigotuvi's Dreadful Rot  Necr/Pois/Air  0%         N/A       99%         2
 Ignite Poison            Fire/Tmut/Pois 0%         N/A       100%        3
 Inner Flame              Hex/Fire       0%         N/A       100%        3
 Dispel Undead            Necr           0%         3d6       100%        4
 Flame Wave               Conj/Fire      0%         2d4       100%        4
 Passage of Golubria      Tloc           0%         N/A       100%        4
 Sticky Flame             Conj/Fire      0%         2d3       100%        4
 Freezing Cloud           Conj/Ice/Air   0%         6-21      100%        5
 Silence                  Hex/Air        0%         N/A       100%        5
 Death Channel            Necr           0%         N/A       100%        6
 Lehudib's Crystal Spear  Conj/Erth      0%         10d2      100%        8


Dungeon Overview and Level Annotations

Branches:
Dungeon (6/15)             Temple (0/1) D:4

Altars:
Ashenzari
Xom
Zin
The Shining One

Annotations:
D:5 1 transporter, nitefall's ghost, amateur GrEE


Innate Abilities, Weirdness & Mutations

You have a pair of horns on your head.
You reflexively headbutt those who attack you in melee.


Message History

* * * LOW HITPOINT WARNING * * *
You are more poisoned.
The gnoll hits you but does no damage.
You feel better. The gnoll sergeant barely misses you.
The gnoll barely misses you. The gnoll completely misses you.
The gnoll hits you from afar with a +0 halberd.
The gnoll is no longer moving quickly.
The gnoll attacks as it pursues you! The gnoll barely misses you.
The gnoll attacks as it pursues you! The gnoll hits you but does no damage.
The gnoll sergeant attacks as it pursues you!
The gnoll sergeant misses you. The gnoll attacks as it pursues you!
The gnoll hits you from afar with a +0 spear.
The gnoll attacks as it pursues you!
The gnoll hits you from afar with a +0 halberd!
* * * LOW HITPOINT WARNING * * *
The gnoll hits you from afar with a +0 spear.
* * * LOW HITPOINT WARNING * * *
The gnoll sergeant hits you from afar with a +4 spear of venom.
* * * LOW HITPOINT WARNING * * *
Found a stone staircase leading up.
Found 5 gold pieces.
The gnoll hits you but does no damage.
The gnoll hits you from afar with a +0 spear.
* * * LOW HITPOINT WARNING * * *
The gnoll attacks as it pursues you! The gnoll misses you.
The gnoll hits you from afar with a +0 spear.
* * * LOW HITPOINT WARNING * * *
The gnoll hits you but does no damage. The gnoll hits you but does no damage.
The gnoll sergeant hits you from afar with a +4 spear of venom.
* * * LOW HITPOINT WARNING * * *
You are poisoned.
* * * LOW HITPOINT WARNING * * *
You feel sick. The gnoll hits you but does no damage.
* * * LOW HITPOINT WARNING * * *
You feel sick. The gnoll attacks as it pursues you!
The gnoll closely misses you.
The gnoll sergeant hits you from afar with a +4 spear of venom!
You die...

...##..# ######........
#..##..###.............
..............g##......
............#..# ##....
..........g.##.#####...
#......l.......... .#.
#......gg.######.. #
###......$.# ..
#...@#....... .
#...####....... ##..
......... ## ...#.....
....##... ...... .##
...


You could see a gnoll sergeant, an iguana and 2 gnolls.

Vanquished Creatures
  The ghost of grizmgrazm2 the Insei, an amateur GnSh (D:4)
  A phantom (D:4)
  A bullfrog (D:6)
  A kobold brigand (D:4)
  4 wights (D:6)
  A water moccasin skeleton (D:4)
  3 orc priests (D:3)
  A bullfrog skeleton (D:4)
  A centaur skeleton (D:4)
  A gnoll bouda (D:5)
  6 orc wizards
  Natasha (thrice) (D:2)
  A killer bee zombie (D:4)
  4 gnolls (D:5)
  4 adders (D:2)
  A worm (D:3)
  3 dart slugs
  14 orcs
  4 ball pythons
  A bat (D:1)
  8 endoplasms
  3 goblins
  13 hobgoblins
  4 jackals (D:1)
  15 kobolds
  6 quokkas
  7 frilled lizards
  7 rats
119 creatures vanquished.

Notes
Turn   | Place    | Note
-------+----------+-------------------------------------------
     0 | D:1      | n0bwainer the Minotaur Berserker began the quest for the
                  | Orb.
     0 | D:1      | Reached XP level 1. HP: 19/19 MP: 0/0
   231 | D:1      | Reached XP level 2. HP: 27/27 MP: 1/1
   245 | D:1      | Reached skill level 4 in Long Blades
  1271 | D:2      | Reached ** piety under Trog
  1272 | D:2      | Reached XP level 3. HP: 27/33 MP: 2/2
  1395 | D:2      | Noticed Natasha
  1403 | D:2      | Killed Natasha
  1452 | D:2      | Reached XP level 4. HP: 38/41 MP: 3/3
  1493 | D:2      | Noticed Natasha
  1497 | D:2      | Reached skill level 5 in Long Blades
  1503 | D:2      | Killed Natasha
  1703 | D:2      | Noticed Natasha
  1710 | D:2      | Killed Natasha
  1832 | D:2      | Reached XP level 5. HP: 47/47 MP: 4/4
  2034 | D:2      | Found a shimmering altar of Xom.
  2222 | D:3      | Found a glowing golden altar of the Shining One.
  2469 | D:3      | Reached skill level 6 in Long Blades
  2472 | D:3      | Reached XP level 6. HP: 35/55 MP: 5/5
  2733 | D:3      | Reached skill level 5 in Fighting
  3027 | D:3      | Reached *** piety under Trog
  3492 | D:4      | Noticed grizmgrazm2's ghost (amateur GnSh)
  3492 | D:4      | Found a transporter.
  3656 | D:4      | Found a glowing silver altar of Zin.
  3870 | D:4      | Reached skill level 1 in Throwing
  3871 | D:4      | Reached skill level 7 in Long Blades
  3894 | D:4      | Reached XP level 7. HP: 54/61 MP: 6/6
  3946 | D:4      | Found a staircase to the Ecumenical Temple.
  4393 | D:4      | Found a transporter.
  4648 | D:4      | Killed grizmgrazm2's ghost
  4649 | D:4      | Reached skill level 5 in Armour
  4649 | D:4      | Reached skill level 1 in Stealth
  4893 | D:4      | Found a broken altar of Ashenzari.
  4953 | D:4      | You fall into a shaft and drop 2 floors!
  4997 | D:6      | Reached skill level 8 in Long Blades
  5001 | D:6      | Reached XP level 8. HP: 61/70 MP: 7/7
  5010 | D:6      | Reached **** piety under Trog
  5030 | D:5      | Entered Level 5 of the Dungeon
  5197 | D:5      | Noticed nitefall's ghost (amateur GrEE)
  5243 | D:5      | Found a transporter.
  5268 | D:5      | Slain by a gnoll sergeant

Illustrated notes

Levels and vault maps discovered:
D:1:      dreamdust_arrival_beginning_and_end, layout_loops_corners,
          minmay_misc_feat_hallway, minmay_tetromino_i2
D:2:      layout_basic, basic_altar, uniq_natasha
D:3:      minmay_octagon_keep, layout_loops_ring,
          mainiacjoe_overflow_small_starburst
D:4:      layout_loops_cross, lemuel_crystal_altar, zin_treasury,
          minmay_temple_entry_waves, gammafunk_ghost_mausoleum,
          lexackson_kobold_supper
D:5:      layout_cave_pools, lightli_temple_of_fire, gammafunk_ghost_stat_death,
          minmay_misc_feat_square, uniq_menkaure, uniq_pikel
D:6:      layout_basic, mainiacjoe_overflow_tiny_flanked,
          mainiacjoe_ossuary_entry_find_the_door, kennysheep_boxes

Skill      XL: |  1  2  3  4  5  6  7  8 |
---------------+-------------------------+-----
Long Blades    | 4 5 6 7 8 |  8.4
Fighting       | 4 5 6 |  6.3
Armour         | 3 4 5 6 |  6.2
Dodging        | 3 |  3.7
Throwing       | 1 |  1.3
Stealth        | 1 |  1.0

Action                     |  1- 3 |  4- 6 |  7- 9 || total
---------------------------+-------+-------+-------++-------
  Melee: Falchion          |    53 |   155 |   226 ||   434
         Headbutt          |     5 |    29 |    88 ||   122
         Punch             |       |     1 |     5 ||     6
  Throw: Dart              |     2 |     5 |       ||     7
 Invoke: Berserk           |       |     1 |       ||     1
    Use: Scroll            |       |       |     8 ||     8
         Potion            |       |       |     1 ||     1
   Stab: Sleeping          |     1 |       |       ||     1
 Armour: Animal skin       |     7 |       |       ||     7
         Leather armour    |    15 |       |       ||    15
         Ring mail         |    13 |    48 |       ||    61
         Chain mail        |       |    27 |   111 ||   138
  Dodge: Dodged            |    28 |    93 |   131 ||   252

Table legend: (Time is in decaauts)
 A = Elapsed time spent in this place.
 B = Non-inter-level travel time spent in this place.
 C = Inter-level travel time spent in this place.
 D = Time resting spent in this place.
 E = Time spent auto-exploring this place.
 F = Levels seen in this place.
 G = Mean time per level.
                   A        B        C        D        E       F      G
               +--------+--------+--------+--------+--------+-----+--------+
         Total |   5274 |   4993 |    281 |    552 |    155 |   6 |  879.0 |
       Dungeon |   5274 |   4993 |    281 |    552 |    155 |   6 |  879.0 |
               +--------+--------+--------+--------+--------+-----+--------+

Top non-repeatable levels by time:
     D:4: 1415 daAuts
     D:3: 1278 daAuts
     D:1: 1219 daAuts
     D:2: 1049 daAuts
     D:5: 236 daAuts
     D:6: 74 daAuts
